 Dungeon Sprint DCSS version 0.29-a0-495-g17b79114eb (webtiles) character file.

Game seed: 16600495240993319702

27400000 greenreed the Archmage (level 27, -30/228 HPs)
             Began as a Djinni Warper on May 27, 2022.
             Was the Champion of Makhleb.
             Annihilated by a vile
             ... wielding a +0 mace
              (47 damage)
             ... in the Dungeon (Sprint VIII: "Arena of Blood").
             The game lasted 00:15:28 (274 turns).

greenreed the Archmage (Djinni Warper)               Turns: 274, Time: 00:15:29

Health: -30/228    AC:  6    Str: 16    XL:     27
Gold:   0          EV: 30    Int: 18    God:    Makhleb [******] SH:  0 Dex: 18

rFire   + + .      SeeInvis +   i - +∞ Axe of Woe
rCold   x . .      Faith    .   (shield currently unavailable)
rNeg    . . .      Spirit   .   b - +0 leather armour
rPois   ∞          Reflect  .   (no helmet)
rElec   .          Harm     .   (no cloak)
rCorr   .          Rampage  .   (no gloves)
Will    ++...      NoTele   +   (boots unavailable)
Stlth   +++.......              (no amulet)
HPRegen 0.48/turn               j - ring of see invisible
MPRegen 0.00/turn               (no ring)

@: confused, flying, slowed, very slow
A: sickness immunity, fire resistance 2, cold vulnerability 1, float, innate
caster, HP casting, extra vitality 1
a: Renounce Religion, Minor Destruction, Lesser Servant of Makhleb, Major
Destruction, Greater Servant of Makhleb


You were in the Dungeon.
You worshipped Makhleb.
Makhleb was exalted by your worship.
You visited 1 branch

Inventory:

Hand Weapons
 a - a +0 hand axe
 i - the +∞ Axe of Woe (weapon)
   (You found it in the Dungeon)
Missiles
 d - 7 boomerangs of dispersal (quivered)
Armour
 b - a +0 leather armour (worn)
Jewellery
 j - a ring of see invisible (left hand)
 k - a +30 ring of slaying
Scrolls
 c - 2 scrolls of blinking
Potions
 e - a potion of curing
 f - a potion of heal wounds
 g - a potion of haste
 h - a potion of berserk rage


   Skills:
 O Level 27 Fighting
 O Level 27 Short Blades
 O Level 27 Long Blades
 O Level 27 Axes
 O Level 27 Maces & Flails
 O Level 27 Polearms
 O Level 27 Staves
 O Level 27 Slings
 O Level 27 Bows
 O Level 27 Crossbows
 O Level 27 Throwing
 O Level 27 Armour
 O Level 27 Dodging
 O Level 27 Stealth
 O Level 27 Shields
 O Level 27 Unarmed Combat
 O Level 27 Spellcasting
 O Level 27 Invocations
 O Level 27 Evocations


You couldn't memorise any spells.
You knew the following spells:

 Your Spells              Type           Power      Damage    Failure   Level
a - Blink                 Tloc           100%       N/A       0%          2
b - Lesser Beckoning      Tloc           88%        N/A       0%          3
c - Gell's Gravitas       Tloc           88%        N/A       0%          3
d - Teleport Other        Tloc           88%        N/A       0%          3
e - Manifold Assault      Tloc           88%        N/A       0%          5
f - Foxfire               Conj/Fire      100%       2x1d9     0%          1
g - Poisonous Vapours     Pois/Air       100%       N/A       0%          2
h - Passwall              Tmut/Erth      73%        N/A       0%          2
i - Anguish               Hex/Necr       44%        N/A       0%          4
j - Summon Ice Beast      Ice/Summ       88%        N/A       0%          4
k - Irradiate             Conj/Tmut      44%        3d28      0%          5
l - Eringya's Noxious Bo  Tmut/Pois      44%        N/A       0%          6
m - Iron Shot             Conj/Erth      44%        9d9       0%          6
n - Enfeeble              Hex            44%        N/A       1%          7
o - Dragon Form           Tmut           44%        N/A       1%          7
p - Orb of Destruction    Conj           44%        9d12      1%          7
q - Discord               Hex            44%        N/A       1%          8
r - Polar Vortex          Ice            44%        N/A       2%          9
Your spell library was empty.

Dungeon Overview and Level Annotations

Branches:
Dungeon (1/1)

Altars:
Makhleb


Innate Abilities, Weirdness & Mutations

You are immune to sickness and miasma.
You are immune to poison.
Your flesh is very heat resistant. (rF++)
You are vulnerable to cold. (rC-)
You float through the air rather than walking.
You learn spells naturally, not from books.
Your magical power is your life essence.
You have superior vitality. (+4 MHP)


Message History

The meat beast gives a chilling moan.
You slice the vile!!
You butcher the vile messily.
You destroy the vile!
Makhleb accepts your kill.
You feel better.
A vile comes into view. It is wielding a +0 mace.
You are more confused.
You hear a shout!
The meat berserker rages.
You are more confused.
You barely resist.
A vile comes into view. It is wielding a +0 flail.
The observer gazes at you. Something smites you!
The scourge throws poison sting at you. The poison arrow misses you.
You hear a shout!
You are more confused.
The dread calls on the powers of darkness!
The scourge convulses!
The fleshlord convulses!
The meat berserker convulses! x2
The observer convulses!
Your body is wracked with pain!
* * * LOW HITPOINT WARNING * * *
You are more confused.
You hear a shout!
You hear an angry hiss.
Some rock shatters into small pieces. x2
A vile comes into view. It is wielding a +0 mace.
Some rock shatters into small pieces.
A fleshlord comes into view. It is wielding a +9 great mace.
The dread calls on the powers of darkness!
The fleshlord convulses!
The scourge convulses!
The bag of meat convulses!
The meat berserker convulses!
A meat berserker comes into view. It is wielding a +9 battleaxe.
The meat berserker shouts!
The meat berserker convulses! x2; The observer convulses! x2
Your body is wracked with pain!
* * * LOW HITPOINT WARNING * * *
The vile hits you with a +0 mace!!
* * * LOW HITPOINT WARNING * * *
You are engulfed in flames!!!
You resist.
You die...

..†)......)....)).####
...).#.##.)###.).)...####
...))).).).)............###
#..))=.#).))..†............
.......))..................
.))..))))....)....#........
..))9)))))..○...####.).....
.)○))).).☼9☼....).....†.)..
...))).).§@9○)..†)....)#).)
)).°.).G)°9G))).†))....))†.
†..))..O°)O..)...).....#).)
)..#)).○.2.#.....)††...)...
W).#..°...)#...))...o.)##..
...##.WpW....###O...
D)o†....
.....)WS.#.9V......9
))###.. #.....z9oO9.... p..
.)... ......#.....# .....


You could see a meat beast (fast), a destroyer, 2 observers, a scourge, 2
fleshlords, a sculptor of flesh, 2 dreads, 8 viles, 4 meat berserkers, a
wretched soul (invisible) and a bag of meat.

Vanquished Creatures
  24 molten gargoyles (D)
  26 hell knights (D)
  Sigmund (D)
  19 hell beasts (D)
  Edmund (D)
  21 royal mummies (D)
  31 great orbs of eyes (D)
  31 wraiths (D)
  Harold (D)
  23 vampire knights (D)
  51 ogres (D)
  15 two-headed ogres (D)
  11 liches (D)
  23 hydras (D)
  15 phantoms (D)
  121 orcs (D)
  9 skeletal warriors (D)
  25 sea snakes (D)
448 creatures vanquished.

Notes
Turn   | Place    | Note
-------+----------+-------------------------------------------
     0 | D        | Found the +∞ Axe of Woe
     0 | D        | greenreed the Djinni Warper began the quest for the Orb.
     0 | D        | Reached XP level 1. HP: 18/18 MP: 0/0
     2 | D        | Noticed a bag of meat
     3 | D        | Noticed a bag of meat
     4 | D        | Became a worshipper of Makhleb the Destroyer
     4 | D        | Noticed a bag of meat
     6 | D        | Noticed a bag of meat
     6 | D        | Noticed a bag of meat
     7 | D        | Noticed a bag of meat
     7 | D        | Noticed a meat berserker
     7 | D        | Noticed a bag of meat
     8 | D        | Noticed a meat berserker
     8 | D        | Killed a bag of meat
     8 | D        | Killed a bag of meat
     8 | D        | Reached * piety under Makhleb
     8 | D        | Noticed a bag of meat
     8 | D        | Noticed a bag of meat
     8 | D        | Noticed a bag of meat
     9 | D        | Reached skill level 10 in Fighting
     9 | D        | Reached XP level 2. HP: 35/35 MP: 0/0
     9 | D        | Reached XP level 3. HP: 40/40 MP: 0/0
     9 | D        | Learned a level 1 spell: Foxfire
     9 | D        | Reached XP level 4. HP: 46/46 MP: 0/0
     9 | D        | Reached XP level 5. HP: 51/51 MP: 0/0
     9 | D        | Learned a level 2 spell: Poisonous Vapours
     9 | D        | Reached XP level 6. HP: 58/58 MP: 0/0
     9 | D        | Reached XP level 7. HP: 63/63 MP: 0/0
     9 | D        | Learned a level 2 spell: Passwall
     9 | D        | Reached XP level 8. HP: 68/68 MP: 0/0
     9 | D        | Reached XP level 9. HP: 74/74 MP: 0/0
     9 | D        | Learned a level 4 spell: Anguish
     9 | D        | Reached XP level 10. HP: 80/80 MP: 0/0
     9 | D        | Reached XP level 11. HP: 85/85 MP: 0/0
     9 | D        | Learned a level 4 spell: Summon Ice Beast
     9 | D        | Reached XP level 12. HP: 91/91 MP: 0/0
     9 | D        | Noticed a large bag of meat
     9 | D        | Noticed a bag of meat
     9 | D        | Noticed a meat berserker
    10 | D        | Noticed a bag of meat
    11 | D        | Killed a meat berserker
    11 | D        | Killed a bag of meat
    11 | D        | Noticed a bag of meat
    12 | D        | Reached XP level 13. HP: 102/102 MP: 0/0
    12 | D        | Learned a level 5 spell: Irradiate
    12 | D        | Reached XP level 14. HP: 108/108 MP: 0/0
    12 | D        | Killed a bag of meat
    12 | D        | Reached ** piety under Makhleb
    12 | D        | Killed a bag of meat
    12 | D        | Noticed a bag of meat
    12 | D        | Noticed a meat berserker
    12 | D        | Noticed a bag of meat
    12 | D        | Noticed a bag of meat
    13 | D        | Killed a meat berserker
    13 | D        | Noticed a meat berserker
    13 | D        | Noticed a bag of meat
    14 | D        | Reached skill level 15 in Axes
    14 | D        | Reached skill level 15 in Dodging
    14 | D        | Reached XP level 15. HP: 79/118 MP: 0/0
    14 | D        | Learned a level 6 spell: Eringya's Noxious Bog
    14 | D        | Noticed a meat berserker
    14 | D        | Reached *** piety under Makhleb
    14 | D        | Killed a meat berserker
    15 | D        | Reached skill level 5 in Throwing
    15 | D        | Reached XP level 16. HP: 130/130 MP: 0/0
    15 | D        | Killed a large bag of meat
    15 | D        | Reached **** piety under Makhleb
    15 | D        | Noticed a meat berserker
    16 | D        | Reached skill level 5 in Armour
    16 | D        | Reached skill level 27 in Spellcasting
    16 | D        | Killed a meat berserker
    16 | D        | Noticed a meat berserker
    17 | D        | Reached XP level 17. HP: 134/144 MP: 0/0
    17 | D        | Learned a level 6 spell: Iron Shot
    17 | D        | Killed a meat berserker
    17 | D        | Reached ***** piety under Makhleb
    18 | D        | Reached XP level 18. HP: 154/157 MP: 0/0
    18 | D        | Killed a meat berserker
    19 | D        | Reached skill level 27 in Axes
    20 | D        | Noticed a large bag of meat
    20 | D        | Noticed a meat berserker
    22 | D        | Reached XP level 19. HP: 172/172 MP: 0/0
    22 | D        | Learned a level 7 spell: Enfeeble
    22 | D        | Killed a meat berserker
    22 | D        | Reached ****** piety under Makhleb
    22 | D        | Killed a meat berserker
    22 | D        | Noticed a destroyer
    23 | D        | Reached skill level 27 in Fighting
    23 | D        | Reached skill level 27 in Dodging
    23 | D        | Noticed a meat berserker
    24 | D        | Reached skill level 15 in Throwing
    24 | D        | Reached XP level 20. HP: 181/181 MP: 0/0
    25 | D        | Noticed a meat berserker
    26 | D        | Killed a meat berserker
    26 | D        | Killed a destroyer
    26 | D        | Noticed a large bag of meat
    26 | D        | Noticed a meat berserker
    27 | D        | Noticed The Servant
    28 | D        | Reached XP level 21. HP: 187/187 MP: 0/0
    28 | D        | Learned a level 7 spell: Dragon Form
    28 | D        | Noticed a large bag of meat
    29 | D        | Noticed a meat berserker
    29 | D        | Killed a large bag of meat
    30 | D        | Noticed a large bag of meat
    31 | D        | Killed a meat berserker
    32 | D        | Killed a meat berserker
    32 | D        | Noticed a destroyer
    32 | D        | Noticed a large bag of meat
    32 | D        | Noticed a large bag of meat
    33 | D        | Reached skill level 27 in Throwing
    35 | D        | Reached XP level 22. HP: 194/194 MP: 0/0
    35 | D        | Killed a meat berserker
    35 | D        | Noticed a destroyer
    36 | D        | Reached skill level 27 in Armour
    36 | D        | Killed a meat berserker
    36 | D        | Noticed a meat berserker
    37 | D        | Reached skill level 27 in Stealth
    37 | D        | Noticed a meat berserker
    37 | D        | Noticed a destroyer
    38 | D        | Killed a large bag of meat
    38 | D        | Killed a destroyer
    38 | D        | Killed a large bag of meat
    38 | D        | Killed a large bag of meat
    38 | D        | Killed The Servant
    38 | D        | Noticed a meat berserker
    39 | D        | Reached skill level 10 in Short Blades
    39 | D        | Reached skill level 10 in Long Blades
    39 | D        | Reached skill level 10 in Staves
    39 | D        | Reached skill level 10 in Shields
    39 | D        | Reached skill level 10 in Unarmed Combat
    39 | D        | Reached skill level 10 in Invocations
    39 | D        | Reached skill level 10 in Evocations
    39 | D        | Reached XP level 23. HP: 160/201 MP: 0/0
    39 | D        | Learned a level 7 spell: Orb of Destruction
    39 | D        | Noticed a large bag of meat
    40 | D        | Killed a destroyer
    40 | D        | Killed a large bag of meat
    41 | D        | Reached skill level 10 in Slings
    41 | D        | Reached skill level 10 in Bows
    41 | D        | Reached skill level 10 in Crossbows
    41 | D        | Reached XP level 24. HP: 194/208 MP: 0/0
    41 | D        | Killed a destroyer
    41 | D        | Killed a large bag of meat
    42 | D        | Reached skill level 15 in Shields
    42 | D        | Reached skill level 15 in Unarmed Combat
    42 | D        | Reached skill level 15 in Invocations
    42 | D        | Reached skill level 15 in Evocations
    42 | D        | Killed a large bag of meat
    43 | D        | Reached skill level 15 in Staves
    43 | D        | Reached XP level 25. HP: 210/214 MP: 0/0
    43 | D        | Learned a level 8 spell: Discord
    44 | D        | Reached skill level 15 in Maces & Flails
    44 | D        | Reached skill level 15 in Polearms
    45 | D        | Reached skill level 15 in Slings
    45 | D        | Reached skill level 15 in Bows
    45 | D        | Reached skill level 15 in Crossbows
    49 | D        | Noticed a tyrant
    54 | D        | Noticed an accursed
    54 | D        | Killed an accursed
    55 | D        | Reached XP level 26. HP: 110/221 MP: 0/0
    57 | D        | Noticed an accursed
    58 | D        | Killed an accursed
    61 | D        | Noticed a dread
    62 | D        | Noticed a large bag of meat
    62 | D        | Noticed a destroyer
    63 | D        | Killed a destroyer
    63 | D        | Killed a large bag of meat
    64 | D        | Reached XP level 27. HP: 228/228 MP: 0/0
    64 | D        | Learned a level 9 spell: Polar Vortex
    65 | D        | Noticed a large bag of meat
    66 | D        | Killed a dread
    68 | D        | Killed a large bag of meat
    68 | D        | Noticed an accursed
    69 | D        | Killed an accursed
    72 | D        | Noticed a meat beast
    74 | D        | Killed a meat beast
    75 | D        | Reached skill level 27 in Shields
    75 | D        | Reached skill level 27 in Unarmed Combat
    75 | D        | Reached skill level 27 in Invocations
    75 | D        | Reached skill level 27 in Evocations
    75 | D        | Noticed a tyrant
    76 | D        | Killed a tyrant
    77 | D        | Reached skill level 27 in Short Blades
    77 | D        | Reached skill level 27 in Long Blades
    77 | D        | Noticed a destroyer
    77 | D        | Noticed a large bag of meat
    77 | D        | Noticed an accursed
    78 | D        | Killed an accursed
    78 | D        | Killed a large bag of meat
    79 | D        | Reached skill level 27 in Maces & Flails
    79 | D        | Reached skill level 27 in Polearms
    79 | D        | Reached skill level 27 in Staves
    79 | D        | Noticed a destroyer
    79 | D        | Noticed a tyrant
    79 | D        | Noticed a tyrant
    80 | D        | Killed a destroyer
    80 | D        | Noticed a destroyer
    80 | D        | Noticed a large bag of meat
    80 | D        | Noticed a tyrant
    81 | D        | Reached skill level 27 in Slings
    81 | D        | Reached skill level 27 in Bows
    81 | D        | Reached skill level 27 in Crossbows
    81 | D        | Killed a destroyer
    82 | D        | Noticed a destroyer
    83 | D        | Killed a destroyer
    83 | D        | Killed a tyrant
    83 | D        | Killed a tyrant
    85 | D        | Noticed a meat beast
    85 | D        | Killed a destroyer
    86 | D        | Killed a tyrant
    86 | D        | Killed a meat beast
    87 | D        | Killed a large bag of meat
    89 | D        | Noticed an accursed
    89 | D        | Killed an accursed
    92 | D        | Noticed a destroyer
    92 | D        | Noticed an accursed
    93 | D        | Killed an accursed
    93 | D        | Killed a destroyer
    93 | D        | Noticed a meat beast
    94 | D        | Noticed an accursed
    95 | D        | Killed a meat beast
    95 | D        | Killed an accursed
    95 | D        | Noticed an accursed
    96 | D        | Killed an accursed
   103 | D        | Noticed a dread
   103 | D        | Killed a dread
   105 | D        | Noticed a destroyer
   105 | D        | Noticed an accursed
   106 | D        | Killed a destroyer
   106 | D        | Killed an accursed
   118 | D        | Noticed a fleshlord
   118 | D        | Killed a fleshlord
   119 | D        | Noticed a dread
   119 | D        | Noticed a dread
   119 | D        | Noticed a destroyer
   120 | D        | Noticed a fleshlord
   120 | D        | Killed a destroyer
   120 | D        | Killed a fleshlord
   121 | D        | Killed a dread
   122 | D        | Noticed a meat beast
   122 | D        | Noticed a fleshlord
   123 | D        | Killed a meat beast
   123 | D        | Noticed a tyrant
   124 | D        | Killed a dread
   124 | D        | Killed a fleshlord
   124 | D        | Noticed a destroyer
   125 | D        | Noticed a meat beast
   125 | D        | Noticed a fleshlord
   125 | D        | Killed a destroyer
   125 | D        | Killed a fleshlord
   125 | D        | Killed a tyrant
   125 | D        | Noticed a fleshlord
   126 | D        | Killed a meat beast
   126 | D        | Killed a fleshlord
   127 | D        | Noticed a fleshlord
   127 | D        | Killed a fleshlord
   129 | D        | Noticed a tyrant
   130 | D        | Killed a tyrant
   131 | D        | Noticed a meat beast
   135 | D        | Killed a meat beast
   136 | D        | Noticed a dread
   138 | D        | Killed a dread
   140 | D        | Noticed a fleshlord
   140 | D        | Noticed a dread
   141 | D        | Killed a dread
   141 | D        | Noticed an accursed
   142 | D        | Noticed a meat beast
   142 | D        | Killed a meat beast
   142 | D        | Killed a fleshlord
   143 | D        | Killed an accursed
   144 | D        | Noticed a meat beast
   144 | D        | Noticed a fleshlord
   145 | D        | Noticed a fleshlord
   145 | D        | Killed a fleshlord
   145 | D        | Killed a fleshlord
   145 | D        | Killed a meat beast
   145 | D        | Noticed The Defiler
   146 | D        | Killed The Defiler
   147 | D        | Noticed a fleshlord
   148 | D        | Noticed a dread
   149 | D        | Noticed an accursed
   150 | D        | Killed a dread
   151 | D        | Killed an accursed
   151 | D        | Noticed a dread
   152 | D        | Noticed a fleshlord
   152 | D        | Killed a fleshlord
   153 | D        | Killed a dread
   160 | D        | Noticed a dread
   160 | D        | Killed a dread
   163 | D        | Noticed a dread
   163 | D        | Killed a dread
   164 | D        | Noticed an accursed
   164 | D        | Noticed an accursed
   165 | D        | Noticed a dread
   165 | D        | Noticed a dread
   166 | D        | Noticed a meat beast
   166 | D        | Killed a dread
   166 | D        | Killed a dread
   167 | D        | Killed an accursed
   167 | D        | Killed an accursed
   168 | D        | Killed a meat beast
   169 | D        | Noticed a dread
   170 | D        | Killed a dread
   171 | D        | Noticed a destroyer
   173 | D        | Killed a destroyer
   174 | D        | Noticed The Captor
   174 | D        | Noticed a tyrant
   175 | D        | Killed a tyrant
   175 | D        | Noticed a dread
   175 | D        | Noticed a destroyer
   176 | D        | Killed a destroyer
   176 | D        | Killed a dread
   177 | D        | Killed The Captor
   177 | D        | Noticed a dread
   178 | D        | Noticed a meat beast
   178 | D        | Noticed an accursed
   179 | D        | Killed an accursed
   180 | D        | Noticed a large bag of meat
   180 | D        | Noticed a tyrant
   180 | D        | Noticed a meat beast
   180 | D        | Noticed a tyrant
   180 | D        | Noticed a fleshlord
   181 | D        | Killed a tyrant
   181 | D        | Killed a meat beast
   181 | D        | Noticed a destroyer
   181 | D        | Noticed a large bag of meat
   182 | D        | Killed a large bag of meat
   182 | D        | Killed a destroyer
   182 | D        | Killed a tyrant
   182 | D        | Noticed a fleshlord
   183 | D        | Killed a fleshlord
   184 | D        | Noticed a tyrant
   184 | D        | Noticed a destroyer
   185 | D        | Killed a destroyer
   185 | D        | Killed a tyrant
   186 | D        | Killed a large bag of meat
   186 | D        | Killed a dread
   187 | D        | Noticed a dread
   188 | D        | Killed a dread
   188 | D        | Noticed a dread
   189 | D        | Noticed a destroyer
   189 | D        | Killed a fleshlord
   189 | D        | Noticed a meat beast
   190 | D        | Killed a destroyer
   190 | D        | Killed a meat beast
   190 | D        | Noticed a meat beast
   191 | D        | Killed a dread
   191 | D        | Killed a meat beast
   191 | D        | Noticed a meat beast
   191 | D        | Noticed a dread
   192 | D        | Killed a meat beast
   192 | D        | Killed a meat beast
   192 | D        | Noticed a dread
   193 | D        | Killed a dread
   193 | D        | Noticed a meat beast
   193 | D        | Noticed a destroyer
   194 | D        | Killed a meat beast
   194 | D        | Noticed an accursed
   195 | D        | Killed an accursed
   195 | D        | Killed a dread
   195 | D        | Noticed a dread
   196 | D        | Killed a destroyer
   197 | D        | Noticed a fleshlord
   198 | D        | Killed a dread
   198 | D        | Noticed a fleshlord
   199 | D        | Killed a fleshlord
   201 | D        | Noticed a fleshlord
   202 | D        | Killed a fleshlord
   203 | D        | Killed a fleshlord
   207 | D        | Noticed a meat beast
   207 | D        | Noticed a dread
   208 | D        | Killed a meat beast
   208 | D        | Killed a dread
   212 | D        | Noticed a dread
   213 | D        | Killed a dread
   213 | D        | Noticed a dread
   213 | D        | Noticed a vile
   214 | D        | Killed a dread
   214 | D        | Killed a vile
   218 | D        | Noticed a fleshlord
   218 | D        | Noticed a fleshlord
   219 | D        | Killed a fleshlord
   220 | D        | Noticed a vile
   221 | D        | Killed a vile
   222 | D        | Noticed a tyrant
   223 | D        | Killed a tyrant
   223 | D        | Killed a fleshlord
   223 | D        | Killed a fleshlord
   223 | D        | Noticed a fleshlord
   224 | D        | Killed a fleshlord
   224 | D        | Noticed a dread
   225 | D        | Noticed a vile
   225 | D        | Noticed a vile
   225 | D        | Noticed an accursed
   226 | D        | Killed a vile
   226 | D        | Killed a dread
   226 | D        | Killed an accursed
   227 | D        | Killed a vile
   227 | D        | Noticed a vile
   228 | D        | Killed a vile
   230 | D        | Noticed a dread
   230 | D        | Noticed an accursed
   230 | D        | Noticed a fleshlord
   231 | D        | Killed an accursed
   231 | D        | Noticed a vile
   232 | D        | Killed a dread
   232 | D        | Killed a fleshlord
   232 | D        | Noticed a meat beast
   232 | D        | Noticed a meat beast
   232 | D        | Noticed a destroyer
   232 | D        | Noticed an accursed
   233 | D        | Killed a meat beast
   233 | D        | Killed a meat beast
   233 | D        | Noticed a fleshlord
   233 | D        | Noticed an accursed
   234 | D        | Killed an accursed
   234 | D        | Killed an accursed
   234 | D        | Killed a destroyer
   234 | D        | Noticed a dread
   237 | D        | Killed a fleshlord
   237 | D        | Noticed a dread
   238 | D        | Killed a vile
   239 | D        | Noticed an accursed
   240 | D        | Noticed a vile
   242 | D        | Noticed a fleshlord
   242 | D        | Noticed a meat beast
   242 | D        | Noticed a vile
   243 | D        | Killed a vile
   244 | D        | Killed a dread
   245 | D        | Killed a meat beast
   246 | D        | Killed a vile
   247 | D        | Noticed a vile
   247 | D        | Killed a fleshlord
   248 | D        | Killed a vile
   249 | D        | Killed an accursed
   250 | D        | Noticed a vile
   250 | D        | Noticed a vile
   251 | D        | Killed a vile
   252 | D        | Noticed a vile
   252 | D        | Killed a vile
   252 | D        | Killed a vile
   254 | D        | Noticed a vile
   254 | D        | Killed a vile
   255 | D        | Noticed a fleshlord
   255 | D        | Noticed a fleshlord
   256 | D        | Noticed a fleshlord
   256 | D        | Killed a fleshlord
   256 | D        | Killed a dread
   256 | D        | Killed a fleshlord
   256 | D        | Noticed a vile
   257 | D        | Killed a vile
   257 | D        | Killed a fleshlord
   257 | D        | Noticed a vile
   258 | D        | Killed a vile
   258 | D        | Noticed a large bag of meat
   259 | D        | Noticed a vile
   259 | D        | Killed a vile
   259 | D        | Killed a large bag of meat
   259 | D        | Noticed a vile
   260 | D        | Killed a vile
   261 | D        | Noticed a dread
   261 | D        | Noticed a destroyer
   261 | D        | Noticed a destroyer
   262 | D        | Noticed a vile
   262 | D        | Killed a destroyer
   262 | D        | Killed a vile
   262 | D        | Killed a dread
   262 | D        | Killed a destroyer
   262 | D        | Noticed an accursed
   263 | D        | Killed an accursed
   263 | D        | Noticed a fleshlord
   264 | D        | Noticed a vile
   264 | D        | Killed a vile
   264 | D        | Killed a fleshlord
   264 | D        | Noticed a vile
   265 | D        | Killed a vile
   266 | D        | Noticed a dread
   267 | D        | Noticed a vile
   267 | D        | Killed a vile
   267 | D        | Killed a dread
   268 | D        | Noticed a destroyer
   269 | D        | Noticed a vile
   269 | D        | Noticed a dread
   269 | D        | Noticed a dread
   269 | D        | Noticed a vile
   269 | D        | Noticed a vile
   270 | D        | Killed a vile
   270 | D        | Killed a destroyer
   270 | D        | Noticed a dread
   270 | D        | Noticed a vile
   271 | D        | Killed a dread
   271 | D        | Killed a dread
   271 | D        | Killed a vile
   271 | D        | Noticed a vile
   271 | D        | Noticed a dread
   271 | D        | Noticed a vile
   272 | D        | Noticed a fleshlord
   272 | D        | Noticed a vile
   272 | D        | Noticed a meat beast
   272 | D        | Noticed a vile
   272 | D        | Noticed a destroyer
   273 | D        | Killed a vile
   273 | D        | Noticed a vile
   273 | D        | Noticed a vile
   274 | D        | Noticed a vile
   274 | D        | Noticed a fleshlord
   274 | D        | Annihilated by a vile

Illustrated notes

Levels and vault maps discovered:
D:        meatsprint

Skill      XL: |  1  2  3  4  5  6  7  8  9 10 11 12 13 14 15 16 17 18 19 20 21 22 23 24 25 26 27 |
---------------+----------------------------------------------------------------------------------+-----
Fighting       | 10 12 14 16 20 22 26 27 | 27.0
Axes           | 9 12 15 17 22 25 27 | 27.0
Throwing       | 3 4 5 6 7 8 15 23 27 | 27.0
Armour         | 3 4 6 7 14 20 25 27 | 27.0
Dodging        | 11 13 15 17 19 21 23 27 | 27.0
Spellcasting   | 18 21 24 26 27 | 27.0
Stealth        | 2 12 18 23 27 | 27.0
Short Blades   | 10 12 16 18 21 27 | 27.0
Long Blades    | 10 12 16 18 21 27 | 27.0
Maces & Flails | 9 11 14 17 20 27 | 27.0
Polearms       | 9 11 14 17 20 27 | 27.0
Staves         | 10 11 15 17 20 27 | 27.0
Slings         | 9 10 14 16 19 27 | 27.0
Bows           | 9 10 14 16 19 27 | 27.0
Crossbows      | 9 10 14 16 19 27 | 27.0
Shields        | 10 12 16 19 22 27 | 27.0
Unarmed Combat | 10 12 16 19 22 27 | 27.0
Invocations    | 10 12 16 19 22 27 | 27.0
Evocations     | 10 12 16 19 22 27 | 27.0

Action                   |  1- 3 |  4- 6 |  7- 9 | 10-12 | 13-15 | 16-18 | 19-21 | 22-24 | 25-27 || total
-------------------------+-------+-------+-------+-------+-------+-------+-------+-------+-------++-------
Melee: Executioner's axe |     1 |       |       |     1 |     3 |     5 |     9 |    11 |   390 ||   420
 Cast: Manifold Assault  |       |       |       |       |       |       |       |     2 |   125 ||   127
       Polar Vortex      |       |       |       |       |       |       |       |       |     1 ||     1
Dodge: Dodged            |       |       |       |     1 |       |       |       |     1 |    14 ||    16

Table legend: (Time is in decaauts)
 A = Elapsed time spent in this place.
 B = Non-inter-level travel time spent in this place.
 C = Inter-level travel time spent in this place.
 D = Time resting spent in this place.
 E = Time spent auto-exploring this place.
 F = Levels seen in this place.
 G = Mean time per level.
                   A        B        C        D        E       F      G
               +--------+--------+--------+--------+--------+-----+--------+
         Total |    264 |    264 |      0 |      0 |      0 |   1 |  264.0 |
       Dungeon |    264 |    264 |      0 |      0 |      0 |   1 |  264.0 |
               +--------+--------+--------+--------+--------+-----+--------+

Top non-repeatable levels by time:
       D: 264 daAuts
